Map: Dusk Towers

Players

Wardí - Winner!

  • Race: Terran Terran
  • League: Master

A.I. 2 (Very Easy)

  • Race: Terran Terran

VOD

Have the link to the VOD?

Description

Time

  • Played on: May 4, 2016, 4:31 p.m.
  • Length: 11:09
Show
View Real Time Build Order
Export as new Build Order

Wardí Terran - Winner!

Build Orders: Reaper Expand, MMM Bio 

Get SALT Encoding   

  12  0:01  SCV  
  13  0:13  SCV  
  14  0:18  Supply Depot  
  14  0:25  SCV  
  15  0:39  SCV  
  15  0:40  Barracks  
  16  0:46  Refinery  
  16  0:51  SCV  
  17  1:04  SCV  
  18  1:16  SCV  
  19  1:28  Orbital Command  
  19  1:29  Reaper  
  20  1:42  Command Center  
  20  1:54  Supply Depot  
  20  1:55  SCV  
  21  2:02  Barracks Reactor  
  21  2:07  SCV  
  22  2:17  Barracks  
  22  2:20  SCV  
  23  2:24  Barracks  
  23  2:32  SCV  
  24  2:41  Marine  
  24  2:42  Marine  
  26  2:44  SCV  
  27  2:55  Orbital Command  
  27  3:00  Marine x2  
  29  3:09  SCV  
  29  3:12  Barracks Tech Lab x2, Refinery  
  30  3:17  Factory  
  30  3:18  Engineering Bay  
  30  3:19  Marine x2  
  32  3:28  SCV x2  
  32  3:32  Marine x2  
  36  3:34  Stimpack  
  36  3:40  SCV x2  
  38  3:42  Marine x2  
  40  3:50  Refinery  
  40  3:51  Marine x2  
  40  3:53  SCV x2  
  44  4:01  Starport, Factory Reactor  
  44  4:03  Marine x2  
  46  4:12  Supply Depot  
  46  4:15  Terran Infantry Weapons Level 1  
  46  4:20  Supply Depot  
  46  4:27  Combat Shields  
  46  4:34  SCV x2, Marine x3  
  51  4:46  SCV x2  
  51  4:50  Marine  
  51  4:51  Marine  
  51  4:52  Medivac x2  
  57  4:58  SCV x2  
  57  4:59  Supply Depot, Marine  
  62  5:00  Marine, Supply Depot  
  63  5:10  SCV x2  
  63  5:12  Marine x2  
  67  5:20  Marine x2  
  69  5:22  SCV x2  
  71  5:30  Factory Tech Lab  
  71  5:35  SCV x2  
  72  5:38  Command Center  
  72  5:42  Medivac x2  
  77  5:43  Marine  
  77  5:44  Marine  
  77  5:46  Marine  
  77  5:47  Marine  
  81  5:57  Supply Depot x2  
  81  5:58  SCV x2  
  83  6:05  Barracks  
  83  6:09  Barracks  
  82  6:18  Marine x4  
  84  6:19  Siege Tank, Medivac  
  84  6:20  SCV  
  84  6:21  SCV  
  84  6:25  Refinery  
  93  6:27  Terran Infantry Armor Level 1  
  93  6:32  Medivac  
  95  6:36  Marine  
  95  6:39  Marine x3  
  99  6:46  SCV x2  
  101  6:53  Marine  
  102  6:59  Barracks Reactor, Marine  
  102  7:00  Siege Tank, Barracks Reactor, Marine x2  
  102  7:01  Medivac  
  110  7:02  SCV x2  
  110  7:07  Supply Depot  
  110  7:08  Supply Depot  
  112  7:09  Supply Depot  
  112  7:11  Medivac  
  112  7:12  Marine  
  115  7:17  Marine  
  115  7:18  Orbital Command  
  115  7:22  Marine  
  117  7:29  Marine  
  118  7:31  Supply Depot  
  118  7:32  Starport  
  118  7:35  Factory  
  118  7:43  Marine x7  
  125  7:46  Supply Depot, Marine  
  125  7:47  Siege Tank  
  129  8:09  Marine x8  
  137  8:14  Supply Depot  
  137  8:15  Supply Depot  
  137  8:16  SCV x3  
  140  8:24  Barracks  
  140  8:26  Barracks  
  140  8:27  Marine x3  
  140  8:28  SCV x2  
  140  8:29  Command Center  
  145  8:50  Armory  
  145  8:51  Engineering Bay  
  145  9:15  SCV x3  
  145  9:16  Refinery x2  
  148  10:11  Marine x2  
  148  10:12  Marine x6  
  148  10:13  Siege Tank, Factory Tech Lab, Medivac x2  
  163  10:15  Medivac  
  165  10:29  Marine x3  
Show
View Real Time Build Order
Export as new Build Order

A.I. 2 (Very Easy) Terran 

Build Orders:  

Get SALT Encoding   

  12  0:00  SCV  
  13  0:13  SCV  
  14  0:19  Supply Depot  
  14  0:37  Refinery  
  14  0:43  Barracks  
  14  1:03  Supply Depot  
  14  1:11  Refinery  
  14  1:28  SCV  
  14  1:29  Marine  
  16  1:40  SCV  
  17  1:52  SCV  
  18  2:04  SCV  
  18  2:05  Marine  
  20  2:16  SCV  
  21  2:29  SCV  
  22  2:41  Marine, Orbital Command  
  23  6:02  SCV, Marine  
  23  6:03  Supply Depot  
  25  6:06  Factory  
  25  6:08  Command Center  
  24  6:14  SCV  
  23  6:26  SCV  
  23  6:28  Supply Depot  
  24  6:34  Marine  
  24  6:38  SCV  
  26  6:50  SCV  
  26  6:52  Starport  
  26  6:53  Barracks Tech Lab  
  27  7:04  Hellion, SCV, Command Center  
  29  7:13  Command Center  
  29  7:29  Starport Tech Lab  
  29  7:32  Hellion  
  31  7:48  Raven  
  33  8:04  Marauder  
  35  8:26  SCV  
  36  8:31  Raven  
  36  8:33  SCV  
  39  8:34  Refinery  
  39  8:36  Marine  
  39  8:37  Refinery  
  39  8:40  SCV  
  24  8:55  SCV  
  23  9:05  Hellion  
  23  9:07  SCV  
  23  9:08  Command Center  
  26  9:19  Refinery, SCV  
  26  9:22  Supply Depot  
  27  9:31  SCV  
  28  9:34  Marauder  
  30  9:43  SCV  
  31  9:55  SCV  
  29  10:02  Hellion  
  29  10:07  SCV  
  30  10:19  SCV  
  27  10:31  Hellion, SCV  
  15  10:43  SCV  
Tags
 
Composition
MMM Bio
League
Master
Matchup
TvT
Race
Terran
Add a new tag
Caveats
  • Supply blocks, unpowered buildings, or Contaminate may cause inaccurate times.
  • Supply counts are checked every 10 seconds.